Map: Orbital Shipyard

Players

Ejay - Winner!

  • Race: Protoss Protoss
  • League: Diamond

Blade

  • Race: Protoss Protoss
  • League: Diamond

VOD

Have the link to the VOD?

Description

Time

  • Played on: Jan. 25, 2016, 8:47 a.m.
  • Length: 16:07
Show
View Real Time Build Order
Export as new Build Order

Ejay Protoss - Winner!

Build Orders: Oracle Opening 

Get SALT Encoding   

  12  0:01  Probe (Chrono Boost)  
  13  0:11  Probe (Chrono Boost)  
  14  0:18  Pylon  
  14  0:22  Probe (Chrono Boost)  
  15  0:36  Probe (Chrono Boost)  
  16  0:44  Gateway  
  16  0:47  Probe (Chrono Boost)  
  17  0:50  Assimilator  
  17  0:57  Probe (Chrono Boost)  
  18  1:08  Probe (Chrono Boost)  
  19  1:11  Assimilator  
  19  1:20  Probe (Chrono Boost)  
  19  1:24  Assimilator  
  20  1:26  Assimilator  
  20  1:30  Probe (Chrono Boost)  
  20  1:31  Assimilator  
  21  1:38  Cybernetics Core  
  21  1:41  Probe (Chrono Boost)  
  22  2:05  Probe (Chrono Boost), Pylon  
  23  2:23  Probe (Chrono Boost), Adept, Stargate  
  23  2:27  Pylon  
  26  2:34  Mothership Core (Chrono Boost)  
  28  2:41  Warp Gate  
  28  2:46  Pylon  
  28  2:53  Probe (Chrono Boost)  
  29  3:00  Adept  
  31  3:09  Oracle (Chrono Boost)  
  33  3:15  Probe  
  34  3:30  Nexus  
  34  3:54  Oracle (Chrono Boost)  
  33  4:18  Probe  
  34  4:25  Assimilator  
  34  4:29  Assimilator  
  34  4:30  Probe  
  35  4:42  Probe  
  36  4:49  Oracle (Chrono Boost)  
  39  4:54  Probe  
  39  4:58  Probe  
  41  5:06  Probe  
  42  5:08  Probe  
  43  5:18  Probe  
  43  5:19  Probe  
  43  5:20  Nexus  
  45  5:24  Pylon  
  45  5:26  Pylon  
  45  5:29  Probe  
  45  5:30  Probe  
  47  5:40  Probe  
  47  5:42  Probe  
  49  5:50  Probe  
  49  5:54  Probe  
  51  6:01  Probe, Pylon  
  51  6:03  Pylon  
  52  6:04  Pylon  
  52  6:06  Probe, Pylon  
  52  6:08  Pylon  
  52  6:10  Stalker  
  54  6:11  Probe  
  55  6:19  Probe  
  55  6:20  Pylon  
  56  6:38  Stalker  
  58  6:45  Mothership Core  
  56  6:50  Void Ray (Chrono Boost)  
  54  7:05  Pylon  
  46  7:12  Pylon  
  46  7:28  Void Ray (Chrono Boost)  
  50  7:38  Forge  
  50  7:41  Pylon  
  50  7:42  Pylon  
  50  7:44  Pylon  
  50  7:50  Probe  
  45  8:01  Probe  
  50  8:06  Gateway  
  50  8:09  Void Ray (Chrono Boost)  
  50  8:11  Photon Cannon  
  50  8:13  Photon Cannon  
  50  8:16  Photon Cannon  
  50  8:19  Photon Cannon  
  50  8:21  Photon Cannon  
  28  9:01  Photon Cannon  
  28  9:02  Photon Cannon  
  27  9:14  Probe  
  25  9:25  Probe  
  23  9:42  Photon Cannon  
  23  9:47  Probe  
  27  10:05  Probe  
  28  10:15  Probe  
  28  10:19  Probe  
  28  10:20  Cybernetics Core  
  27  10:29  Probe  
  29  10:46  Oracle (Chrono Boost)  
  29  11:05  Probe  
  30  11:15  Probe  
  31  11:26  Probe  
  31  11:45  Robotics Facility  
  25  12:16  Stalker, Gateway  
  27  12:25  Protoss Shields Level 1  
  27  12:33  Immortal (Chrono Boost)  
  31  12:40  Stalker  
  33  12:44  Pylon  
  33  12:47  Mothership Core  
  35  13:08  Probe, Immortal (Chrono Boost)  
  35  13:12  Stalker  
  42  13:23  Stalker  
  44  13:36  Stalker  
  46  13:46  Stalker  
  48  14:09  Immortal (Chrono Boost)  
  52  14:16  Stalker  
  34  15:16  Stalker x2  
Show
View Real Time Build Order
Export as new Build Order

Blade Protoss 

Build Orders: Nexus First 

Get SALT Encoding   

  12  0:01  Probe (Chrono Boost)  
  13  0:11  Probe (Chrono Boost)  
  14  0:18  Pylon  
  14  0:22  Probe (Chrono Boost)  
  15  0:36  Probe (Chrono Boost)  
  16  0:46  Probe (Chrono Boost)  
  17  0:58  Nexus  
  17  1:09  Gateway  
  17  1:17  Assimilator  
  17  1:22  Probe (Chrono Boost)  
  18  1:26  Pylon  
  18  1:32  Probe (Chrono Boost)  
  19  1:43  Probe (Chrono Boost)  
  19  1:45  Gateway  
  20  1:53  Probe (Chrono Boost)  
  21  1:57  Cybernetics Core  
  21  2:07  Probe (Chrono Boost)  
  22  2:14  Probe (Chrono Boost)  
  23  2:19  Pylon  
  23  2:23  Probe (Chrono Boost)  
  24  2:34  Stalker x2 (Chrono Boost)  
  28  2:40  Probe x2  
  28  2:42  Warp Gate  
  30  2:52  Probe x2  
  32  3:02  Adept x2 (Chrono Boost)  
  36  3:06  Probe x2  
  38  3:19  Pylon  
  38  3:26  Probe x2  
  40  3:27  Gateway  
  40  3:28  Gateway  
  40  3:39  Stalker x2 (Chrono Boost)  
  44  3:44  Assimilator  
  43  3:52  Probe  
  43  3:53  Probe  
  40  4:12  Probe x2 (Chrono Boost)  
  42  4:30  Probe x2 (Chrono Boost)  
  43  4:42  Probe x2 (Chrono Boost)  
  43  4:44  Pylon  
  41  4:48  Pylon  
  41  4:49  Zealot x3  
  41  4:50  Zealot  
  45  5:03  Nexus  
  44  5:08  Assimilator  
  44  5:09  Probe x2 (Chrono Boost)  
  44  5:12  Stalker  
  44  5:13  Assimilator  
  48  5:20  Zealot x3  
  54  5:23  Probe (Chrono Boost)  
  54  5:24  Probe (Chrono Boost)  
  53  5:40  Stalker  
  53  5:47  Zealot  
  54  5:52  Probe x2 (Chrono Boost)  
  56  6:02  Probe x2 (Chrono Boost)  
  52  6:04  Stalker  
  48  6:30  Zealot x4  
  50  6:33  Probe (Chrono Boost)  
  39  6:51  Probe x3 (Chrono Boost)  
  42  7:13  Probe x3 (Chrono Boost)  
  42  7:24  Pylon  
  42  7:27  Pylon  
  28  7:38  Probe (Chrono Boost)  
  28  7:39  Probe x2 (Chrono Boost)  
  25  7:53  Probe (Chrono Boost)  
  26  8:38  Probe x2 (Chrono Boost)  
  22  8:58  Mothership Core (Chrono Boost)  
  24  9:05  Probe x2 (Chrono Boost)  
  26  9:15  Probe (Chrono Boost)  
  17  9:57  Probe x2 (Chrono Boost)  
  19  10:01  Probe (Chrono Boost)  
  20  10:12  Probe (Chrono Boost)  
  21  10:28  Probe (Chrono Boost)  
  22  10:38  Probe (Chrono Boost)  
  23  10:44  Probe (Chrono Boost)  
  22  11:02  Probe (Chrono Boost)  
  23  11:11  Pylon  
  23  11:17  Probe (Chrono Boost)  
  24  11:25  Probe (Chrono Boost)  
  24  11:43  Probe (Chrono Boost)  
  24  11:44  Probe x2 (Chrono Boost)  
  25  12:01  Probe x2 (Chrono Boost)  
  25  12:02  Probe (Chrono Boost)  
  28  12:15  Forge  
  28  12:18  Probe (Chrono Boost)  
  29  12:23  Probe (Chrono Boost)  
  30  12:32  Probe x2 (Chrono Boost)  
  32  12:43  Probe (Chrono Boost)  
  33  12:49  Photon Cannon  
  33  12:52  Probe (Chrono Boost)  
  33  12:53  Probe (Chrono Boost)  
  33  12:55  Probe (Chrono Boost)  
  38  13:05  Probe x2 (Chrono Boost)  
  38  13:06  Probe (Chrono Boost)  
  39  13:25  Robotics Facility  
  39  13:26  Probe x2 (Chrono Boost)  
  41  13:29  Probe (Chrono Boost)  
  42  13:38  Probe x2 (Chrono Boost)  
  44  13:42  Protoss Ground Weapons Level 1  
  44  13:44  Probe (Chrono Boost)  
  45  13:50  Sentry  
  45  13:51  Probe (Chrono Boost)  
  45  13:52  Probe (Chrono Boost)  
  49  13:58  Probe (Chrono Boost)  
  49  14:02  Probe x2 (Chrono Boost)  
  52  14:09  Probe (Chrono Boost)  
  53  14:10  Pylon  
  53  14:13  Pylon  
  53  14:14  Probe (Chrono Boost)  
  54  14:20  Observer  
  54  14:23  Stalker  
  57  14:24  Stalker  
  59  14:34  Photon Cannon  
  59  14:45  Zealot  
  59  14:47  Zealot  
  53  14:54  Zealot x2  
  35  15:12  Stalker x2  
  30  15:15  Zealot x2  
  30  15:17  Probe (Chrono Boost)  
  29  15:24  Mothership Core (Chrono Boost)  
  31  15:33  Probe x2 (Chrono Boost)  
  30  15:38  Stalker  
  29  16:04  Gateway  
  29  16:06  Cybernetics Core  
Tags
 
Add a new tag
Caveats
  • Supply blocks, unpowered buildings, or Contaminate may cause inaccurate times.
  • Supply counts are checked every 10 seconds.